 Dungeon Crawl Stone Soup version 0.30-a0-475-g03497ec522 (webtiles) character file.

Game seed: 14087244318428672149

7568 NinjaNoafa the Grave Robber (level 10, -8/71 HPs)
             Began as a Demonspawn Necromancer on Dec 20, 2022.
             Was an Elder of Vehumet.
             Mangled by a yak (11 damage)
             ... led by a torpor snail
             ... on level 1 of the Lair of Beasts.
             The game lasted 00:35:49 (12323 turns).

NinjaNoafa the Grave Robber (DsNe)                 Turns: 12323, Time: 00:35:50

Health: -8/71      AC:  7    Str:  9    XL:     10   Next: 97%
Magic:  11/17      EV: 11    Int: 20    God:    Vehumet [****..]
Gold:   58         SH: 10    Dex: 14    Spells: 3/19 levels left

rFire   . . .      SeeInvis .    F - +5 trident (pain)
rCold   . . .      Faith    +    G - +0 kite shield
rNeg    . . .      Spirit   .    a - +0 robe
rPois   .          Reflect  .    I - +0 helmet of Grace {Slay+2}
rElec   .          Harm     .    (no cloak)
rCorr   .          Rampage  .    (no gloves)
Will    +....                    q - +0 pair of boots
Stlth   ++........               p - amulet of faith
HPRegen 0.31/turn                z - ring of willpower
MPRegen 0.15/turn                (no ring)

@: freezing walls
A: molten scales 2, demonic guardian 2, powered by death 2, weakness stinger 2
a: Renounce Religion


You were on level 1 of the Lair of Beasts.
You worshipped Vehumet.
Vehumet was greatly pleased with you.
You visited 3 branches of the dungeon, and saw 12 of its levels.
You also visited: Bailey.

You collected 1834 gold pieces.
You spent 1776 gold pieces at shops.

Inventory:

Hand Weapons
 x - a +1 short sword of venom
 F - a +5 trident of pain (weapon)
Missiles
 c - 135 stones
 r - 33 poisoned darts
 v - 5 javelins
 C - 6 throwing nets
 E - 23 boomerangs (quivered)
 L - a curare-tipped dart
Armour
 a - a +0 robe (worn)
 q - a +0 pair of boots (worn)
 G - a +0 kite shield (worn)
 I - the +0 helmet of Grace (worn) {Slay+2}
   (You found it on level 7 of the Dungeon)

   Slay:      It affects your accuracy & damage with ranged weapons and melee
   (+2).
Jewellery
 p - an amulet of faith (around neck)
 z - a ring of willpower (left hand)
Wands
 u - a wand of paralysis (4)
 y - a wand of iceblast (20)
 K - a wand of acid (5)
 N - a wand of flame (12)
Scrolls
 d - a scroll of torment
 g - a scroll of magic mapping
 i - 2 scrolls of fog
 j - 4 scrolls of teleportation
 m - a scroll of brand weapon
 n - 2 scrolls of poison
 o - 4 scrolls of vulnerability
 s - a scroll of amnesia
 t - 2 scrolls of enchant armour {unknown}
 B - a scroll of blinking {unknown}
 H - a scroll of summoning {unknown}
Potions
 b - a potion of magic
 e - 2 potions of resistance
 f - 5 potions of curing
 h - a potion of cancellation
 k - a potion of mutation
 l - a potion of haste
 w - 2 potions of flight
 A - a potion of ambrosia
 D - 2 potions of brilliance
 J - a potion of invisibility
Miscellaneous
 M - a phantom mirror


   Skills:
 + Level 3.7 Fighting
 - Level 4.0 Throwing
 + Level 3.6 Dodging
 - Level 1.7 Stealth
 - Level 6.0 Shields
 + Level 5.1 Spellcasting
 + Level 5.2 Conjurations
 - Level 7.0 Necromancy
 + Level 1.1 Fire Magic
 - Level 7.0 Ice Magic
 - Level 5.0 Air Magic
 - Level 4.0 Evocations


You had 3 spell levels left.
You knew the following spells:

 Your Spells              Type           Power      Damage    Failure   Level
a - Necrotise             Necr           100%       1d9       1%          1
b - Vampiric Draining     Necr           33%        2d8       5%          3
c - Freeze                Ice            100%       1d10      1%          1
d - Frozen Ramparts       Ice            66%        1d10      1%          3
e - Static Discharge      Conj/Air       50%        2-5/arc   1%          2
f - Shock                 Conj/Air       100%       1d9       1%          1
g - Hailstorm             Conj/Ice       29%        3d8       2%          3
h - Cigotuvi's Dreadful   Necr/Pois/Air  42%        N/A       9%          2

Your spell library contained the following spells:

 Spells                   Type           Power      Damage    Failure   Level
 Fireball                 Conj/Fire      8%         3d6       50%         5
 Scorch                   Fire           18%        2d5       8%          2
 Dazzling Flash           Conj/Hex       30%        N/A       9%          3
 Ensorcelled Hibernation  Hex/Ice        38%        N/A       11%         2
 Swiftness                Air            25%        N/A       12%         3
 Apportation              Tloc           10%        N/A       30%         1
 Summon Small Mammal      Summ           20%        N/A       30%         1
 Portal Projectile        Hex/Tloc       10%        N/A       67%         3
 Spider Form              Tmut/Pois      5%         N/A       67%         3
 Tukima's Dance           Hex            5%         N/A       67%         3
 Airstrike                Air            12%        2d(2-18)  11%         4
 Animate Dead             Necr           33%        N/A       17%         4
 Dispel Undead            Necr           33%        3d14      17%         4
 Flame Wave               Conj/Fire      17%        2d7       21%         4
 Agony                    Necr           33%        N/A       43%         5
 Irradiate                Conj/Tmut      7%         3d14      56%         5
 Anguish                  Hex/Necr       9%         N/A       58%         4
 Summon Lightning Spire   Summ/Air       15%        N/A       73%         4
 Borgnjor's Vile Clutch   Necr/Erth      9%         N/A       90%         5
 Metabolic Englaciation   Hex/Ice        9%         N/A       90%         5
 Death Channel            Necr           16%        N/A       95%         6
 Petrify                  Tmut/Erth      5%         N/A       97%         4
 Silence                  Hex/Air        7%         N/A       97%         5
 Alistair's Intoxication  Tmut/Pois      3%         N/A       100%        5
 Blade Hands              Tmut           2%         N/A       100%        5
 Eringya's Noxious Bog    Tmut/Pois      2%         N/A       100%        6
 Statue Form              Tmut/Erth      3%         N/A       100%        6
 Summon Cactus Giant      Summ           2%         N/A       100%        6
 Dragon Form              Tmut           2%         N/A       100%        7
 Storm Form               Tmut/Air       7%         N/A       100%        7
 Maxwell's Capacitive Co  Air            12%        ∞         100%        8


Dungeon Overview and Level Annotations

Branches:
Dungeon (10/15)            Temple (1/1) D:4            Lair (1/5) D:10
 Bailey (visited)
    Orc: D:9-12

Altars:
Ashenzari
Cheibriados
Dithmenos
Fedhas
Gozag
Hepliaklqana
Kikubaaqudgha
Makhleb
Nemelex Xobeh
Okawaru
Qazlal
Ru
Sif Muna
Trog
Uskayaw
Vehumet
Wu Jian
Xom
Yredelemnul

Shops:
D:5 :***   D:6 *

Portals:
Volcano: Lair:1


Innate Abilities, Weirdness & Mutations

You are mostly covered in molten scales. (AC +3)
A demonic guardian rushes to your aid.
You regenerate health from kills.
You have a tail ending in a sharp stinger.


Message History

The wall freezes the yak.
You block the yak's attack.
The wall freezes the yak!
The yak gores you!
The wall freezes the yak.
The blink frog blinks!
Casting: Frozen Ramparts (safe; 1% risk of failure)
Confirm with . or Enter, or press ? or * to list all spells.
Casting: Hailstorm (mildly dangerous; 2% risk of failure)
Press: ? - help, Dir - look around, f - activate
Okay, then.
Casting: Hailstorm (mildly dangerous; 2% risk of failure)
Confirm with . or Enter, or press ? or * to list all spells.
Aiming: Shock (safe; 1% risk of failure)
Press: ? - help, Shift-Dir - straight line, f - yak
Aim: a yak (lightly wounded, 84% to hit)
The zap hits the yak.
The yak is heavily wounded.
The zap hits the yak.
The yak is lightly wounded.
The wall freezes the yak but does no damage.
The yak completely misses you.
The wall freezes the yak but does no damage.
The yak gores you!
The wall freezes the yak!
Casting: Shock (safe; 1% risk of failure)
Confirm with . or Enter, or press ? or * to list all spells.
The yak is struck by an arc of lightning.
The yak is lightly wounded.
The yak is struck by an arc of lightning.
The yak is heavily wounded.
You are struck by an arc of lightning.
* * * LOW HITPOINT WARNING * * *
The lightning grounds out.
A nearby plant withers and dies.
The wall freezes the yak.
You block the yak's attack.
The wall freezes the yak.
The yak gores you!
* * * LOW HITPOINT WARNING * * *
A demonic guardian appears!
The wall freezes the yak.
Okay, then.
Okay, then.
Your frozen ramparts will break if you move.
Continue?
The yak attacks as you move away! The yak gores you!
* * * LOW HITPOINT WARNING * * *
The yak attacks as you move away! The yak gores you!
You die...

*###*
*****############..,####
*,,,,,..3,,.......,,....
*,,*,*#.#**#.....,,,,,..
*,****#@## #..#.######+#
**,,* ##YY###..#†.......#
*,,** #.+Y..#............
**,* ##........#........#
*,,*##.......†.#.........
**,*#......#...#.........
*,...≈.#..F...#........P
*.....≈≈.......#..#.###.
*...##..≈..§.#..........


You could see 3 yaks, a blink frog and a friendly sixfirhy (summoned).

Vanquished Creatures
  Harold (D:9)
  A two-headed ogre (D:5)
  2 blink frogs (Lair:1)
  A hornet (D:9)
  3 wyverns
  A wraith (D:10)
  A basilisk (Lair:1)
  2 steam dragons (D:9)
  2 wargs (D:10)
  4 orc warriors
  A water moccasin (Lair:1)
  2 sky beasts (D:8)
  An ice beast (D:7)
  An ogre (D:6)
  A phantom (D:4)
  4 kobold brigands
  4 bullfrogs
  Blork the orc (D:4)
  A necrophage (D:7)
  A gnoll sergeant (D:6)
  3 scorpions
  2 wights (D:7)
  18 killer bees
  A howler monkey (D:5)
  3 jellies (D:5)
  5 orc priests
  2 hounds
  Terence (D:2)
  An iguana (D:5)
  8 orc wizards
  Natasha (twice) (D:2)
  5 gnolls (D:6)
  5 adders
  A white imp (D:5)
  A worm (D:2)
  5 dart slugs
  31 orcs
  6 bats
  2 endoplasms
  A giant cockroach (D:4)
  10 goblins
  5 hobgoblins
  6 jackals
  7 ball pythons
  A frilled lizard (D:1)
  38 kobolds
  A rat (D:2)
206 creatures vanquished.

Vanquished Creatures (collateral kills)
  Erolcha (D:9)
  A hornet (D:10)
  An ice beast (D:6)
  An ogre (D:5)
  An orc warrior (Bailey)
  A wight (D:7)
  A killer bee (D:10)
  2 adders
  An orc (D:5)
  A goblin (D:1)
  2 kobolds
  A ball python (D:2)
14 creatures vanquished.

Vanquished Creatures (others)
  A plant (Lair:1)
1 creature vanquished.

Grand Total: 221 creatures vanquished

Notes
Turn   | Place    | Note
-------+----------+-------------------------------------------
     0 | D:1      | NinjaNoafa the Demonspawn Necromancer began the quest for
                  | the Orb.
     0 | D:1      | Reached XP level 1. HP: 13/13 MP: 3/3
   216 | D:1      | Gained mutation: A weak demonic guardian rushes to your
                  | aid. [demonic ancestry]
   216 | D:1      | Reached XP level 2. HP: 19/19 MP: 0/5
   891 | D:2      | Noticed Natasha
   893 | D:2      | Killed Natasha
   894 | D:2      | Reached skill level 5 in Necromancy
   894 | D:2      | Gained mutation: You have a small tail. [demonic ancestry]
   894 | D:2      | Reached XP level 3. HP: 24/24 MP: 4/7
   949 | D:2      | Learned a level 3 spell: Vampiric Draining
   983 | D:2      | Noticed Terence
   997 | D:2      | Killed Terence
   998 | D:2      | Gained mutation: You are partially covered in molten
                  | scales. (AC +2) [demonic ancestry]
   998 | D:2      | Reached XP level 4. HP: 30/30 MP: 0/8
  1391 | D:2      | Noticed Natasha
  1404 | D:2      | Killed Natasha
  2259 | D:3      | Gained mutation: You have a tail ending in a sharp stinger.
                  | [demonic ancestry]
  2259 | D:3      | Reached XP level 5. HP: 35/35 MP: 7/10
  2370 | D:3      | Reached skill level 1 in Ice Magic
  2749 | D:3      | Learned a level 1 spell: Freeze
  2901 | D:3      | Found a shimmering altar of Xom.
  2901 | D:3      | Found a radiant altar of Vehumet.
  2997 | D:3      | Became a worshipper of Vehumet
  3014 | D:4      | Noticed a phantom
  3111 | D:4      | Noticed Blork the orc
  3125 | D:4      | Killed Blork the orc
  3323 | D:4      | Killed a phantom
  3324 | D:4      | Gained mutation: You regenerate a little health from kills.
                  | [demonic ancestry]
  3324 | D:4      | Reached XP level 6. HP: 25/41 MP: 0/11
  3645 | D:4      | Found a staircase to the Ecumenical Temple.
  3798 | Temple   | Entered the Ecumenical Temple
  4114 | D:5      | Entered Level 5 of the Dungeon
  4402 | D:5      | Learned a level 3 spell: Frozen Ramparts
  4412 | D:5      | Reached skill level 5 in Ice Magic
  4412 | D:5      | Reached XP level 7. HP: 13/46 MP: 1/12
  5116 | D:5      | Reached * piety under Vehumet
  5116 | D:5      | Offered knowledge of Kiss of Death by Vehumet.
  5335 | D:5      | Found Fiawkabo's General Store.
  5343 | D:5      | Noticed a two-headed ogre
  5608 | D:6      | Found a broken altar of Ashenzari.
  5661 | D:6      | Found Gotuorur's General Store.
  5669 | D:6      | Bought a scroll of identify for 28 gold pieces
  5669 | D:6      | Bought a potion of brilliance for 56 gold pieces
  5669 | D:6      | Bought a wand of iceblast (6) for 201 gold pieces
  5669 | D:6      | Bought a scroll of teleportation for 42 gold pieces
  5705 | D:5      | Found Piser's General Store.
  5802 | D:5      | Killed a two-headed ogre
  5803 | D:5      | Reached skill level 5 in Spellcasting
  5803 | D:5      | Gained mutation: You are mostly covered in molten scales.
                  | (AC +3) [demonic ancestry]
  5803 | D:5      | Reached XP level 8. HP: 23/52 MP: 3/15
  5911 | D:5      | Found Harer's Assorted Antiques.
  5975 | D:5      | Found Deubri's Book Shoppe.
  6102 | D:6      | Reached skill level 1 in Evocations
  6473 | D:6      | Reached skill level 1 in Fighting
  6590 | D:6      | Reached skill level 1 in Shields
  6725 | D:6      | Identified the +6 great mace of the Neverending Ghosts
                  | {antimagic, +Blink rPois}
  7453 | D:7      | Found an ornate altar of the Wu Jian Council.
  7589 | D:7      | Found a burning altar of Makhleb.
  7629 | D:7      | Identified the +0 helmet of Grace {Slay+2}
  7638 | D:7      | Gained mutation: You regenerate health from kills. [demonic
                  | ancestry]
  7638 | D:7      | Reached XP level 9. HP: 58/61 MP: 14/16
  8012 | D:7      | Found a blossoming altar of Fedhas.
  8012 | D:7      | Found a shimmering blue altar of Sif Muna.
  8208 | D:8      | Reached skill level 1 in Throwing
  8785 | D:8      | Offered knowledge of Static Discharge by Vehumet.
  8788 | D:8      | Reached ** piety under Vehumet
  8900 | D:8      | Reached skill level 1 in Conjurations
  8946 | D:8      | Reached skill level 1 in Air Magic
  9117 | D:8      | Learned a level 2 spell: Static Discharge
  9301 | D:8      | Reached skill level 5 in Shields
  9551 | D:9      | Noticed Harold
  9575 | D:9      | Killed Harold
  9576 | D:9      | Gained mutation: A demonic guardian rushes to your aid.
                  | [demonic ancestry]
  9576 | D:9      | Reached XP level 10. HP: 40/67 MP: 10/17
  9650 | D:9      | Noticed Erolcha
  9656 | D:9      | HP: 3/67 [Erolcha/+0 giant spiked club (24)]
  9656 | D:9      | Killed Erolcha
  9666 | D:9      | Found a flagged portal.
  9863 | Bailey   | Entered a bailey
  9866 | Bailey   | Learned a level 1 spell: Shock
  9870 | Bailey   | Learned a level 3 spell: Hailstorm
  9956 | Bailey   | Offered knowledge of Scorch by Vehumet.
 10391 | D:9      | Identified a scroll of acquirement
 10393 | D:9      | Found a snail-covered altar of Cheibriados.
 10408 | D:9      | Reached *** piety under Vehumet
 10704 | D:9      | Identified the +7 chain mail "Leleb" {Will+ Str+3}
 10893 | D:10     | Entered Level 10 of the Dungeon
 10899 | D:10     | Noticed an orc knight
 11031 | D:5      | Bought a wand of iceblast (6) for 158 gold pieces
 11031 | D:5      | Bought a potion of curing for 33 gold pieces
 11031 | D:5      | Bought a scroll of identify for 22 gold pieces
 11031 | D:5      | Bought a potion of magic for 88 gold pieces
 11031 | D:5      | Bought a wand of flame (12) for 92 gold pieces
 11031 | D:5      | Bought a potion of curing for 33 gold pieces
 11072 | D:5      | Bought a potion of heal wounds for 60 gold pieces
 11186 | D:10     | Reached skill level 5 in Conjurations
 11218 | D:10     | Offered knowledge of Kindle Blastsparks by Vehumet.
 11375 | D:10     | Reached skill level 5 in Air Magic
 11376 | D:10     | HP: 3/67 [poisoned by a hornet]
 11378 | D:10     | HP: 1/67 [poisoned by a hornet]
 11383 | D:10     | HP: 3/67 [poisoned by a hornet]
 11385 | D:10     | HP: 1/67 [poisoned by a hornet]
 11594 | D:9      | Acquired 955 gold pieces
 11694 | D:5      | Bought a book of Decay for 330 gold pieces
 11715 | D:5      | Bought a wand of acid (4) for 537 gold pieces
 11715 | D:5      | Bought a scroll of identify for 64 gold pieces
 11715 | D:5      | Bought a scroll labelled FUWNERCH NUTS for 32 gold pieces
 11805 | D:8      | Learned a level 2 spell: Cigotuvi's Dreadful Rot
 11953 | D:10     | Found a staircase to the Lair.
 11962 | D:10     | Reached **** piety under Vehumet
 12057 | Lair:1   | Entered Level 1 of the Lair of Beasts
 12239 | Lair:1   | Offered knowledge of Fireball by Vehumet.
 12304 | Lair:1   | Reached skill level 1 in Fire Magic
 12307 | Lair:1   | Found a dark tunnel.
 12310 | Lair:1   | Noticed a torpor snail
 12323 | Lair:1   | HP: 3/71 [yak[a torpor snail] (8)]
 12323 | Lair:1   | Mangled by a yak

Illustrated notes

Levels and vault maps discovered:
D:1:      dpeg_arrival_renting, layout_basic, minmay_misc_feat_ornament
D:2:      layout_basic, nicolae_titane, uniq_terence, uniq_natasha
D:3:      layout_loops_cross, gammafunk_temple_overflow_elements
D:4:      layout_basic, minmay_temple_entry_enclosed_plants,
          chequers_serial_rivers_large_a, uniq_blork_the_orc
D:5:      layout_rooms, serial_shops, nicolae_lakefront_shop, kennysheep_mini,
          shop, nicolae_diamond_shop
D:6:      layout_basic, cheibrodos_ashenzari_chains, serial_shops, shop_statue
D:7:      layout_loops_ring, mainiacjoe_overflow_alcove_4,
          nicolae_overflow_crystal_walls, gammafunk_temple_overflow_statue,
          minmay_misc_feat_secret_circle, hangedman_decor_points
D:8:      layout_basic, chequers_avenue
D:9:      layout_loops_ring, cheibriados_altar_1, enter_bailey_8, uniq_erolcha,
          uniq_harold
D:10:     layout_loops_ring, erik_lair_orcish_takeover, david_orc_5
Temple:   nicolae_temple_bog_church
Lair:1:   layout_regular_city, nicolae_volcano_entry_lava_flow,
          portal_ice_cave_demonic_guard, uniq_sonja

Skill      XL: |  1  2  3  4  5  6  7  8  9 10 |
---------------+-------------------------------+-----
Necromancy     | 5 7 |  7.0
Spellcasting   | 3 5 |  5.1
Ice Magic      | 3 5 6 7 |  7.0
Evocations     | 2 3 4 |  4.0
Dodging        | 2 3 |  3.6
Fighting       | 2 3 |  3.7
Shields        | 2 5 6 |  6.0
Throwing       | 2 4 |  4.0
Conjurations   | 3 5 |  5.2
Air Magic      | 3 5 |  5.0
Fire Magic     | 1 |  1.1
Stealth        | |  1.7

Action                   |  1- 3 |  4- 6 |  7- 9 | 10-12 || total
-------------------------+-------+-------+-------+-------++-------
Melee: Dagger            |     5 |    64 |       |       ||    69
       Tailslap          |       |     9 |    10 |     2 ||    21
       Short sword       |       |       |     7 |       ||     7
       Trident           |       |       |    63 |    21 ||    84
Throw: Javelin           |       |       |    11 |       ||    11
       Boomerang         |       |       |       |    39 ||    39
 Cast: Necrotise         |    26 |    82 |    16 |     7 ||   131
       Vampiric Draining |     1 |     8 |    13 |     9 ||    31
       Freeze            |       |    35 |    36 |    22 ||    93
       Frozen Ramparts   |       |     1 |    34 |    19 ||    54
       Shock             |       |       |       |    24 ||    24
       Static Discharge  |       |       |       |    23 ||    23
       Hailstorm         |       |       |       |     8 ||     8
       Cigotuvi's Dreadf |       |       |       |     2 ||     2
Evoke: Wand              |       |       |     4 |     5 ||     9
  Use: Potion            |       |     2 |     6 |     3 ||    11
       Scroll            |       |     5 |     9 |    10 ||    24
 Stab: Paralysed         |       |       |     2 |       ||     2
       Sleeping          |       |       |     1 |       ||     1
       Distracted        |       |       |       |     1 ||     1
Armor: Robe              |     4 |    30 |    37 |    31 ||   102
       Skin              |       |       |     3 |       ||     3
Dodge: Dodged            |     7 |    92 |    56 |    50 ||   205
Block: Kite shield       |       |       |    56 |    55 ||   111

Table legend: (Time is in decaauts)
 A = Elapsed time spent in this place.
 B = Non-inter-level travel time spent in this place.
 C = Inter-level travel time spent in this place.
 D = Time resting spent in this place.
 E = Time spent auto-exploring this place.
 F = Levels seen in this place.
 G = Mean time per level.
                   A        B        C        D        E       F      G
               +--------+--------+--------+--------+--------+-----+--------+
         Total |  12443 |  11386 |   1057 |    229 |   9286 |  13 |  957.2 |
       Dungeon |  11582 |  10583 |    999 |    229 |   8731 |  10 | 1158.2 |
        Temple |    208 |    187 |     21 |      0 |    175 |   1 |  208.0 |
          Lair |    273 |    237 |     36 |      0 |    139 |   1 |  273.0 |
        Bailey |    379 |    379 |      0 |      0 |    240 |   1 |  379.0 |
               +--------+--------+--------+--------+--------+-----+--------+

Top non-repeatable levels by time:
     D:4: 1599 daAuts
     D:8: 1431 daAuts
     D:6: 1423 daAuts
     D:2: 1263 daAuts
     D:5: 1248 daAuts
     D:9: 1234 daAuts
     D:7: 1076 daAuts
     D:3: 916 daAuts
     D:1: 842 daAuts
    D:10: 545 daAuts
  Bailey: 379 daAuts
  Lair:1: 273 daAuts
  Temple: 208 daAuts
